 Dungeon Crawl Stone Soup version 0.25-a0-510-ge065f6de7d (webtiles) character file.

Game seed: 5884809913105443307, levelgen mode: deterministic

6453 Gargoyl the Cleaver (level 10, -4/83 HPs)
             Began as a Centaur Abyssal Knight on Feb 15, 2020.
             Was an Elder of Lugonu.
             Slain by Erolcha
             ... wielding a cursed -3 giant club
              (18 damage)
             ... on level 9 of the Dungeon.
             The game lasted 00:17:43 (12236 turns).

Gargoyl the Cleaver (Centaur Abyssal Knight)       Turns: 12236, Time: 00:17:44

Health: -4/83      AC: 13    Str: 17    XL:     10   Next: 67%
Magic:  8/15       EV:  7    Int: 13    God:    Lugonu [****..]
Gold:   519        SH:  0    Dex: 14    Spells: 9/9 levels left

rFire    . . .     SeeInvis .   u - +12 glaive "Cucotakk" {flame, *Noise rElec Int+2 Dex+4}
rCold    . . .     Gourm    .   (shield currently unavailable)
rNeg     . . .     Faith    .   e - +1 chain mail
rPois    .         Spirit   .   (no helmet)
rElec    +         Reflect  .   i - scarf {repulsion}
rCorr    .         Harm     .   f - +2 pair of gloves
MR       .....                  (no barding)
Stlth    ..........             (no amulet)
HPRegen  0.23/turn              (no ring)
MPRegen  0.14/turn              (no ring)

@: repel missiles, very quick
A: large, hooves 3, deformed body, speed 2, tough skin 3
a: Depart the Abyss, Bend Space, Banish, Corrupt, Renounce Religion


You were on level 9 of the Dungeon.
You worshipped Lugonu.
Lugonu was greatly pleased with you.
You were very hungry.

You visited 1 branch of the dungeon, and saw 9 of its levels.
You visited the Abyss 1 time.
You also visited: Sewer.

You collected 519 gold pieces.

Inventory:

Hand Weapons
 a - a +2 hand axe
 u - the +12 glaive "Cucotakk" (weapon) {flame, *Noise rElec Int+2 Dex+4}
   (You found it on level 9 of the Dungeon)

   It has been specially enchanted to burn those struck by it, causing extra
   injury to most foes and up to half again as much damage against particularly
   susceptible opponents.
   Big, fiery blades are also staple armaments of hydra-hunters.
   It affects your intelligence (+2).
   It affects your dexterity (+4).
   It insulates you from electricity.
   It may make noises in combat.
 y - a +2 vorpal hand axe
Missiles
 g - 4 boomerangs (quivered)
Armour
 e - a +1 chain mail (worn)
 f - a +2 pair of gloves (worn)
 i - a scarf of repulsion (worn)
 w - a +3 buckler
 A - a scarf of cloud immunity
Wands
 d - a wand of polymorph (11)
 p - a wand of iceblast (9)
 q - a wand of digging (6)
 r - a wand of random effects (17)
Scrolls
 b - a scroll of identify
 j - 2 scrolls of magic mapping
 v - 2 scrolls of teleportation
 B - 2 scrolls of remove curse
Potions
 h - 2 potions of ambrosia
 m - a potion of flight
 n - 4 potions of curing
 o - a potion of brilliance
 s - a potion of lignification
 t - 5 potions of cancellation
 x - a potion of haste
 z - a potion of invisibility
Comestibles
 c - 9 rations


   Skills:
 + Level 6.1 Fighting
 + Level 8.3 Axes
 + Level 1.8 Throwing
 * Level 6.4 Armour
 * Level 4.8 Dodging
 + Level 1.6 Shields
 * Level 7.3 Invocations


You had 9 spell levels left.
You didn't know any spells.
Your spell library was empty.

Dungeon Overview and Level Annotations

Branches:
Dungeon (9/15)             Temple (0/1) D:7           Sewer (visited)
   Lair: D:8-11         Orc: D:9-12

Altars:
Ashenzari
Fedhas
Hepliaklqana
Kikubaaqudgha
Trog
Uskayaw
Vehumet

Annotations:
D:6 1 runed translucent door, Kohma's ghost, novice DrVM
D:9 Erolcha


Innate Abilities, Weirdness & Mutations

You have hooves in place of feet.
Armour fits poorly on your strangely shaped body.
You cover ground very quickly.
You have extremely tough skin. (AC +3)


Message History

Magic courses through your body.
Erolcha is engulfed in poison gas.
Erolcha is poisoned.
Erolcha drinks a potion.
Erolcha is healed!
Erolcha looks more healthy.
Erolcha is engulfed in poison gas.
Erolcha is poisoned.
Erolcha hits you with a cursed -3 giant club!
* * * LOW HITPOINT WARNING * * *
Press: ? - help, Shift-Dir - straight line, f/p - Erolcha
Aim: Erolcha, wielding a -3 giant club, wearing a +2 robe of magic resistance and carrying a wand of clouds (2) (poison gas, lightly wounded, fast, poisoned, chance to defeat MR: 22%) Erolcha resists with almost no effort.
You are feeling very hungry.
Erolcha looks even sicker.
Erolcha gestures at you while chanting. You resist with some effort.
Unknown command.
Press: ? - help, Shift-Dir - straight line, f/p - Erolcha
Aim: Erolcha, wielding a -3 giant club, wearing a +2 robe of magic resistance and carrying a wand of clouds (2) (poison gas, lightly wounded, fast, very poisoned, chance to defeat MR: 22%) Erolcha resists with almost no effort.
You feel somewhat more hungry.
Erolcha is engulfed in poison gas.
Erolcha looks even sicker.
Erolcha hits you with a cursed -3 giant club!!
You die...

#..........##..##
#.........###.###
#..........#....##
...........$......#
......%..#........#.##
.####..##........#.$.
#..##.?..........
##..#............
#.....O@.....####
##...§§§§....#
###.§§§§§§...## ###
.#.)§§☼§§§§....####..##
......§§§§§§☼......#....#
.#.###§§§§§§.<)....#....#
#####.................#
.......[.............#
####.........##......#


You could see Erolcha.

Vanquished Creatures
  Pikel (D:4)
  2 hippogriffs
  Eustachio (D:5)
  A hungry ghost (D:5)
  An ice beast (D:5)
  An orc warrior (D:8)
  2 slaves (D:4)
  2 black bears
  4 ogres
  An eye of draining (D:8)
  2 centaurs
  A crocodile (D:8)
  8 big kobolds
  2 gnoll sergeants
  5 bullfrogs
  A water moccasin zombie (D:7)
  A scorpion (D:7)
  3 wights (D:8)
  3 crimson imps
  3 howler monkeys
  A centaur zombie (D:7)
  A quasit (D:8)
  2 bullfrog zombies
  A jelly (D:8)
  10 orc priests
  5 hounds
  A centaur skeleton (D:8)
  10 orc wizards
  4 bullfrog skeletons
  5 iguanas
  Ijyb (D:4)
  5 worker ants
  A hound skeleton (D:5)
  12 gnolls
  A howler monkey skeleton (D:5)
  14 adders
  4 river rats (Sewer)
  4 oozes
  2 adder skeletons (D:5)
  5 worms
  6 dart slugs
  4 leopard geckos
  45 orcs
  4 ball pythons
  4 giant cockroaches
  6 goblins
  8 hobgoblins
  12 jackals
  22 kobolds
  8 quokkas
  5 bats
  11 frilled lizards
  8 rats
277 creatures vanquished.

Vanquished Creatures (others)
  2 two-headed ogres (D:8)
  A troll (D:8)
  A hornet (D:7)
  An orc warrior (D:8)
  An adder (D:4)
6 creatures vanquished.

Grand Total: 283 creatures vanquished

Notes
Turn   | Place    | Note
-------+----------+-------------------------------------------
     0 | Abyss:1  | Gargoyl the Centaur Abyssal Knight began the quest for the
                  | Orb.
     0 | Abyss:1  | Reached XP level 1. HP: 19/19 MP: 2/2
     0 | Abyss:1  | Found a corrupted altar of Lugonu.
    80 | Abyss:1  | Noticed a wretched star
    85 | D:1      | Escaped the Abyss
   204 | D:1      | Reached XP level 2. HP: 26/26 MP: 3/3
   253 | D:1      | Reached * piety under Lugonu
   296 | D:1      | Reached skill level 1 in Dodging
   308 | D:1      | Reached skill level 2 in Axes
   749 | D:2      | Reached XP level 3. HP: 31/31 MP: 4/4
   965 | D:2      | Found a faded altar of an unknown god.
  1151 | D:2      | Reached XP level 4. HP: 38/38 MP: 5/5
  1833 | D:3      | Found a glowing drain.
  1846 | D:3      | Reached XP level 5. HP: 23/45 MP: 5/7
  1855 | D:3      | Reached ** piety under Lugonu
  1895 | D:3      | Reached skill level 3 in Axes
  1960 | Sewer    | Entered a sewer
  2153 | Sewer    | Reached XP level 6. HP: 38/52 MP: 8/8
  2499 | Sewer    | Reached skill level 4 in Axes
  2559 | Sewer    | Reached XP level 7. HP: 49/58 MP: 9/9
  2780 | Sewer    | Reached *** piety under Lugonu
  3808 | D:4      | Noticed Ijyb
  3822 | D:4      | Killed Ijyb
  3826 | D:4      | Reached skill level 5 in Axes
  3907 | D:4      | Reached XP level 8. HP: 45/66 MP: 11/11
  4098 | D:4      | Reached **** piety under Lugonu
  4161 | D:4      | Noticed Pikel
  4205 | D:4      | Killed Pikel
  4647 | D:4      | Found a shattered altar of Ashenzari.
  4650 | D:4      | Found a hide-covered altar of Uskayaw.
  4653 | D:4      | Found an ancient bone altar of Kikubaaqudgha.
  4850 | D:5      | Entered Level 5 of the Dungeon
  4856 | D:5      | Noticed Eustachio
  5071 | D:4      | Reached skill level 6 in Axes
  5180 | D:5      | Killed Eustachio
  5180 | D:5      | Reached skill level 5 in Invocations
  5673 | D:5      | Found a bloodstained altar of Trog.
  5700 | D:5      | Got a steaming leather armour
  5711 | D:5      | Identified the cursed +1 leather armour of Subjectivity
                  | {Str+4} (You found it on level 5 of the Dungeon)
  5906 | D:5      | Reached XP level 9. HP: 73/73 MP: 12/12
  5951 | D:5      | Reached skill level 5 in Armour
  6182 | D:5      | Reached skill level 5 in Fighting
  7009 | D:6      | Found a runed translucent door.
  7011 | D:6      | Noticed Kohma's ghost (novice DrVM)
  7022 | D:6      | Found a radiant altar of Vehumet.
  7022 | D:6      | Found a hazy altar of Hepliaklqana.
  7023 | D:6      | Found a blossoming altar of Fedhas.
  8235 | D:7      | Got a jasper-encrusted leather armour
  8236 | D:7      | Identified the +1 leather armour of the Lizard {Slay+2}
                  | (You found it on level 7 of the Dungeon)
  8252 | D:7      | Reached skill level 7 in Axes
  8263 | D:7      | Found a staircase to the Ecumenical Temple.
  8554 | D:7      | Reached ***** piety under Lugonu
  9349 | D:8      | Reached XP level 10. HP: 71/82 MP: 14/14
  9465 | D:8      | Noticed a two-headed ogre
  9480 | D:8      | Banished a two-headed ogre
  9480 | D:8      | Reached skill level 1 in Shields
  9728 | D:8      | Reached skill level 1 in Throwing
 10099 | D:8      | Reached skill level 8 in Axes
 11601 | D:9      | Noticed Erolcha
 11603 | D:9      | Noticed a two-headed ogre
 11636 | D:9      | Got a twisted glaive
 11866 | D:8      | Identified the +12 glaive "Cucotakk" {flame, *Noise rElec
                  | Int+2 Dex+4} (You found it on level 9 of the Dungeon)
 11964 | D:8      | Banished a two-headed ogre
 12230 | D:9      | HP: 1/83 [Erolcha/crystal spear (19)]
 12236 | D:9      | Slain by Erolcha

Levels and vault maps discovered:
D:1:      zelgadis_glass_arrival_small, layout_rooms, minmay_shallow_snake_nest
D:2:      layout_loops_ring, chequers_ecumenical_altar_simple_redux
D:3:      layout_loops_cross, gup_sewer_entry_glass
D:4:      layout_loops_ring, grunt_temple_overflow_diamond, first_ration,
          uniq_ijyb, uniq_pikel
D:5:      minmay_razor_zed, layout_loops_ring, bloody_trog, minivault_5,
          uniq_eustachio
D:6:      layout_layer_cave, gammafunk_temple_overflow_forgotten,
          ebering_ghost_reflecting_pool
D:7:      layout_rooms, minmay_temple_entry_mist
D:8:      layout_basic
D:9:      layout_cave_pools, cheibrodos_worm_habitat,
          nemelex_diamond_rough_becter, uniq_erolcha

Skill      XL: |  1  2  3  4  5  6  7  8  9 10 |
---------------+-------------------------------+-----
Dodging        | 1 2 3 4 |  4.8
Axes           | 2 3 4 5 6 7 8 |  8.3
Armour         | 2 3 4 5 6 |  6.4
Invocations    | 3 4 5 6 7 |  7.3
Fighting       | 4 5 6 |  6.1
Shields        | 1 |  1.6
Throwing       | 1 |  1.8

Action                   |  1- 3 |  4- 6 |  7- 9 | 10-12 || total
-------------------------+-------+-------+-------+-------++-------
Melee: Hand axe          |    94 |   216 |   539 |   245 ||  1094
       Kick              |    15 |    33 |   131 |    62 ||   241
       Glaive            |       |       |       |     2 ||     2
Throw: Boomerang         |       |       |    14 |    15 ||    29
Invok: Depart the Abyss  |     1 |       |       |       ||     1
       Banish            |       |       |     1 |     9 ||    10
  Use: Potion            |     1 |     1 |       |     3 ||     5
       Scroll            |     3 |     3 |    17 |     7 ||    30
  Eat: Chunk             |       |     4 |    16 |     7 ||    27
       Ration            |       |       |     2 |     1 ||     3
Armor: Chain mail        |    94 |   141 |   228 |   157 ||   620
       Leather armour    |       |       |   100 |     7 ||   107
Dodge: Dodged            |    24 |    48 |   208 |    93 ||   373
       Deflected         |       |     5 |     8 |     2 ||    15
Block: Buckler           |       |       |    31 |    88 ||   119

Table legend:
 A = Non-vault XP
 B = Vault XP
 C = Vault XP percentage of total XP
 D = Non-vault monster count
 E = Vault monster count
 F = Vault count percentage of total count
                 A         B        C        D         E       F
            +---------+---------+-------+---------+---------+-------
      Total |    6934 |    2285 |  24.8 |     234 |      46 |  16.4
            +---------+---------+-------+---------+---------+-------
        D:1 |      38 |       0 |   0.0 |      21 |       0 |   0.0
        D:2 |      82 |       0 |   0.0 |      20 |       0 |   0.0
        D:3 |     158 |      29 |  15.5 |      42 |       3 |   6.7
        D:4 |     620 |     699 |  53.0 |      30 |       2 |   6.2
        D:5 |     301 |     867 |  74.2 |      10 |      13 |  56.5
        D:6 |     383 |       0 |   0.0 |      13 |       0 |   0.0
        D:7 |    1549 |       0 |   0.0 |      27 |       0 |   0.0
        D:8 |    3574 |       0 |   0.0 |      67 |       0 |   0.0
        D:9 |     229 |       0 |   0.0 |       4 |       0 |   0.0
      Sewer |       0 |     690 | 100.0 |       0 |      28 | 100.0
            +---------+---------+-------+---------+---------+-------
